 Dungeon Crawl Stone Soup version 0.31-a0-875-g02e7d12df6 (webtiles) character file.

Game seed: 10973100880209164352

16701 Xavori the Covert (level 12, 0/97 HPs)
             Began as an Octopode Chaos Knight on Oct 12, 2023.
             Was a Plaything of Xom.
             Engulfed by a cloud of flame (5 damage)
             ... in a Gauntlet.
             The game lasted 00:21:14 (19433 turns).

Xavori the Covert (Octopode Chaos Knight)          Turns: 19433, Time: 00:21:14

Health: 0/97       AC:  1    Str: 10 (11) XL:     12   Next: 40%
Magic:  10/10      EV: 22    Int: 16 (17) God:    Xom [.....*]
Gold:   1403       SH: 17    Dex: 24 (27) Spells: 11/11 levels left

rFire   + . .        D - +4 rapier of Botaef {speed, Drain rElec Dex+3}
rCold   . . .        r - +0 kite shield
rNeg    . . .        (helmet restricted)
rPois   +            H - amulet of reflection
rElec   +            k - ring of protection from fire
rCorr   .            x - ring of poison resistance
SInv    .            C - ring of willpower
Will    ++++.        P - +6 ring of dexterity
Stlth   +++++++      F - +5 ring of evasion
HPRegen 1.16/turn    (no ring)
MPRegen 0.12/turn    (no ring)
                     (no ring)

%: no teleportation, reflection
@: attractive, enlightened, flying, hasted, studying Stealth, unable to drink,
very quick
A: almost no armour, amphibious, 8 rings, camouflage 1, gelatinous body 1,
(nimble swimmer 1), tentacles, agile 1, clever 1, low MP 1, strong-willed 2,
mutation resistance 2, regeneration 1, robust 2, inability to drink after injury
1
a: Renounce Religion


You were in a Gauntlet.
You worshipped Xom.
You were Xom's teddy bear.
You visited 2 branches of the dungeon, and saw 13 of its levels.
You also visited: Gauntlet.

You collected 1403 gold pieces.

Inventory:

Hand Weapons
 a - a +0 short sword of chaos
 s - a +0 rapier
 B - a +1 heavy short sword
 D - the +4 rapier of Botaef (weapon) {speed, Drain rElec Dex+3}
   (You found it on level 6 of the Dungeon)

   Dex+3:     It affects your dexterity (+3).
   rElec:     It insulates you from electricity.
   Drain:     It drains your maximum health when unequipped.
Missiles
 o - a throwing net
Armour
 r - a +0 kite shield (worn)
Jewellery
 i - the ring "Vicut" {rCorr Int+2}
   (You found it in a Gauntlet)

   [ring of resist corrosion]

   Int+2:     It affects your intelligence (+2).
   rCorr:     It protects you from acid and corrosion.
 k - a ring of protection from fire (left tentacle)
 x - a ring of poison resistance (right tentacle)
 C - a ring of willpower (on tentacle)
 F - a +5 ring of evasion (on tentacle)
 H - an amulet of reflection (around mantle)
 P - a +6 ring of dexterity (on tentacle)
 Q - a ring of magical power
Talismans
 t - a flux talisman
Wands
 p - a wand of mindburst (16)
 w - a wand of polymorph (10)
 L - a wand of light (3)
 R - a wand of charming (4)
 S - a wand of roots (8)
Scrolls
 b - 3 scrolls of butterflies
 d - a scroll of poison
 e - a scroll of brand weapon
 f - a scroll of enchant weapon
 g - 2 scrolls of blinking
 l - 2 scrolls of vulnerability
 q - 5 scrolls of teleportation
 y - 3 scrolls of fog
 z - 2 scrolls of enchant armour
 E - 2 scrolls of immolation
 K - 2 scrolls of revelation
Potions
 h - a potion of enlightenment
 n - 5 potions of curing
 u - a potion of mutation
 v - 2 potions of haste
 A - 3 potions of heal wounds
 I - 3 potions of invisibility
 J - a potion of ambrosia
 M - a potion of brilliance {unknown}
 N - a potion of berserk rage {unknown}
 O - 2 potions of attraction
Miscellaneous
 c - a sack of spiders (inert)
 j - a phantom mirror


   Skills:
 + Level 7.3 Fighting
 + Level 9.4 Short Blades
 + Level 7.2 Dodging
 + Level 12.0 Stealth
 + Level 6.5 Shields
 + Level 0.1 Unarmed Combat
 * Level 8.7 Evocations
 * Level 6.9 Shapeshifting


You had 11 spell levels left.
You didn't know any spells.
Your spell library contained the following spells:

 Spells                   Type           Power      Damage    Failure   Level
 Summon Small Mammal      Summ           0%         N/A       67%         1
 Call Canine Familiar     Summ           0%         N/A       95%         3
 Dazzling Flash           Conj/Hex       0%         N/A       95%         3
 Mephitic Cloud           Conj/Pois/Air  0%         N/A       95%         3
 Summon Guardian Golem    Hex/Summ       0%         N/A       95%         3
 Agony                    Necr           0%         N/A       100%        5
 Silence                  Hex/Air        0%         N/A       100%        5
 Conjure Ball Lightning   Conj/Air       0%         3x3d6     100%        6
 Plasma Beam              Fire/Air       0%         2x1d10    100%        6
 Discord                  Hex            0%         N/A       100%        8
 Disjunction              Tloc           0%         N/A       100%        8
 Fire Storm               Conj/Fire      0%         5d1       100%        9


Dungeon Overview and Level Annotations

Branches:
Dungeon (11/15)            Temple (0/1) D:6            Lair (2/5) D:9
Gauntlet (1/1)
  Swamp: Lair:2-3    Shoals: Lair:2-3     Snake: Lair:2-3    Spider: Lair:2-3
    Orc: D:9-12

Altars:
Fedhas
Kikubaaqudgha
Okawaru
Qazlal
Sif Muna
Uskayaw
Xom
Yredelemnul

Annotations:
D:8 Erica
D:9 1 runed translucent door Gauntlet 11 transporters, 2 runed translucent doors


Innate Abilities, Weirdness & Mutations

You cannot wear most types of armour.
You are amphibious.
You can wear up to eight rings at the same time.
Your skin changes colour to match your surroundings (Stealth+).
Your rubbery body absorbs attacks. (AC +1, EV +1)
((You are camouflaged when in or above water. (Stealth+)))
You have tentacles for arms and can constrict up to eight enemies at once.
You are agile. (Dex +4, Str/Int -1)
Your mind is acute. (Int +4, Str/Dex -1)
Your magical capacity is low. (-10% MP)
You are highly strong-willed. (Will++)
You are somewhat resistant to both further mutation and mutation removal.
Your natural rate of healing is unusually fast.
You are very robust. (+20% HP)
You occasionally lose the ability to drink potions when taking damage.


Message History

You constrict the fire crab. You puncture the fire crab!
You squeeze the fire crab, but do no damage.
The fire crab is severely wounded.
You constrict the fire crab, but do no damage.
You block the hell hound's attack. The fire crab breathes flames at you.
The blast of flame engulfs you but does no damage.
You hit the fire crab but do no damage. You squeeze the fire crab.
The fire crab is severely wounded.
You are engulfed in blazing flames.
You resist.
* * * LOW HITPOINT WARNING * * *
You constrict the fire crab, but do no damage.
The hell hound pauses to sniff the ground.
The hell hound completely misses you.
The hell hound barks!
You puncture the fire crab!
You kill the fire crab!
You are engulfed in blazing flames.
You resist.
* * * LOW HITPOINT WARNING * * *
Your Stealth skill increases to level 12!
Unknown command.
You hit the hell hound. Your grab misses the hell hound.
The hell hound is severely wounded.
You are engulfed in blazing flames.
You resist.
* * * LOW HITPOINT WARNING * * *
You block the hell hound's attack.
Unknown command.
You puncture the hell hound! Your grab misses the hell hound.
Your squeeze misses the hell hound.
The hell hound is almost dead.
You are engulfed in blazing flames.
You resist.
* * * LOW HITPOINT WARNING * * *
Unknown command.
You barely miss the hell hound. You grab the hell hound.
You squeeze the hell hound, but do no damage.
The hell hound is almost dead.
You are engulfed in blazing flames.
You resist.
You die... "Boring in life, boring in death..."

#≈.......§.........∩..8..∩...
##.8.....8.....8......©......
#§.......©.......###########.
##...#########...#.........#.
#≈...#.###...#...#^...°^..^#.
##...#.#...#.#...#.^#○..#..#.
#≈...#...###°#...#h^.......#.
##.8.#.#.©.#°#.8.#h.○○○...°#.
#≈...#.###°°@#...#E...^.☼..#.
##...#○#...#h#...#°.#..°#..#.
#≈...#."°©°°°#...#^......RE#.
##...#########...#°.=.©$hhE#.
#≈.....#.©.#.....###########.
##.8...#.8.#...8....#.©.#....
##......#.©.#........#...#....
#≈...###########.....#.©.#....
##...#^....##ZZ#...#########..


You could see a fire elemental and 3 hell hounds.

Vanquished Creatures
  The ghost of arvidsem the Slicer, a journeyman VSBr of Dithmenos (Lair:1)
  A skyshark (Lair:1)
  A fire crab (Gauntlet)
  A manticore (D:11)
  3 black mambas (Lair:1)
  A gargoyle (D:10)
  An unseen horror (Lair:1)
  3 cane toads
  Maggie (D:9)
  Jeremiah (D:8)
  A komodo dragon (Lair:2)
  A rime drake (Lair:2)
  2 polar bears (Lair:1)
  Grinder (D:5)
  8 blink frogs
  Prince Ribbit (D:8)
  Sigmund (D:2)
  2 wyverns
  5 fire bats (Gauntlet)
  Eustachio (D:5)
  13 yaks
  A hog (Lair:1)
  2 steam dragons
  3 basilisks
  A hell hound (Gauntlet)
  4 water moccasins
  2 ice beasts
  A sky beast (D:4)
  3 orc warriors
  A tengu (D:11)
  4 centaurs
  6 wolves
  Blork the orc (D:5)
  6 bullfrogs
  2 gnoll sergeants
  3 scorpions
  Dowan (D:5)
  8 killer bees
  4 howler monkeys
  8 orc priests
  2 hounds
  A jelly (D:7)
  A gnoll bouda (D:6)
  Crazy Yiuf (D:4)
  A sleepcap (D:6)
  Jessica (D:3)
  3 iguanas
  Ijyb (D:3)
  7 orc wizards
  11 gnolls
  10 adders
  A white imp (D:5)
  A worm (D:4)
  3 dart slugs
  31 orcs
  7 ball pythons
  7 bats
  13 endoplasms
  3 giant cockroaches
  8 goblins
  3 hobgoblins
  2 quokkas (D:1)
  A frilled lizard (D:3)
  4 kobolds
  A rat (D:3)
235 creatures vanquished.

Vanquished Creatures (collateral kills)
  2 ice devils (Lair:2)
  Duvessa (D:5)
  3 killer bees (D:10)
  An orc wizard (D:10)
  A gnoll (D:9)
  An orc (D:10)
9 creatures vanquished.

Vanquished Creatures (others)
  A gnoll (D:9)
1 creature vanquished.

Grand Total: 245 creatures vanquished

Notes
Turn   | Place    | Note
-------+----------+-------------------------------------------
     0 | D:1      | Xavori the Octopode Chaos Knight began the quest for the
                  | Orb.
     0 | D:1      | Reached XP level 1. HP: 16/16 MP: 1/1
   114 | D:1      | Reached XP level 2. HP: 21/21 MP: 2/2
   419 | D:1      | XOM: silly message
   579 | D:1      | Reached XP level 3. HP: 23/26 MP: 3/3
  1001 | D:1      | XOM: divination: detect items
  1218 | D:1      | XOM is BORED!
  1218 | D:1      | XOM: silly message
  2536 | D:1      | XOM is BORED!
  2536 | D:1      | XOM: noise
  2855 | D:1      | XOM: divination: detect items
  3005 | D:1      | XOM: noise
  3541 | D:1      | XOM is BORED!
  3718 | D:1      | XOM: give mutations
  3718 | D:1      | Gained mutation: You occasionally lose the ability to drink
                  | potions when taking damage. [Xom's mischief]
  3718 | D:1      | Gained mutation: Potions are less effective at restoring
                  | your health. [Xom's mischief]
  3718 | D:1      | Gained mutation: You are weak. (Str -2) [Xom's mischief]
  3718 | D:1      | Gained mutation: Your spells are a little easier to cast,
                  | but a little less powerful. [Xom's mischief]
  3754 | D:1      | XOM: god gift: phantom mirror
  3863 | D:1      | XOM: give mutations
  3863 | D:1      | Gained mutation: You are robust. (+10% HP) [Xom's grace]
  3863 | D:1      | Gained mutation: You possess an exceptional clarity of
                  | mind. [Xom's grace]
  3863 | D:1      | Gained mutation: Your natural rate of healing is unusually
                  | fast. [Xom's grace]
  4192 | D:1      | XOM: divination: magic mapping
  4490 | D:1      | XOM: give mutations
  4490 | D:1      | Gained mutation: You are somewhat resistant to further
                  | mutation. [Xom's grace]
  4490 | D:1      | Gained mutation: You are somewhat resistant to both further
                  | mutation and mutation removal. [Xom's grace]
  4490 | D:1      | Gained mutation: One of your tentacles bears a spike.
                  | [Xom's grace]
  4955 | D:1      | XOM: god gift: 5 stones
  5145 | D:1      | XOM: scenery: summon butterflies
  5715 | D:1      | XOM: god gift: 569 gold pieces
  5960 | D:1      | XOM: god gift: 36 gold pieces
  6340 | D:1      | XOM: give mutations
  6340 | D:1      | Gained mutation: You are strong-willed. (Will+) [Xom's
                  | grace]
  6340 | D:1      | Gained mutation: You are agile. (Dex +4, Str/Int -1) [Xom's
                  | grace]
  6340 | D:1      | Gained mutation: Your flesh is cold resistant. (rC+) [Xom's
                  | grace]
  6340 | D:1      | Gained mutation: You expend magic power (3 MP) to
                  | strengthen your wands. [Xom's grace]
  7091 | D:1      | XOM: god gift: scroll labelled SEISUKKOTZ {god gift}
  7187 | D:1      | XOM is BORED!
  7187 | D:1      | XOM: give mutations
  7187 | D:1      | Lost mutation: Potions are less effective at restoring your
                  | health. [Xom's mischief]
  7187 | D:1      | Lost mutation: You expend magic power (3 MP) to strengthen
                  | your wands. [Xom's mischief]
  7187 | D:1      | Lost mutation: You possess an exceptional clarity of mind.
                  | [Xom's mischief]
  7187 | D:1      | Lost mutation: Your flesh is cold resistant. (rC+) [Xom's
                  | mischief]
  7192 | D:1      | XOM: god gift: ring of protection from fire
  7232 | D:1      | XOM: cloud trail
  7266 | D:1      | XOM: god gift: scroll labelled LAWAECU PARHAG {god gift}
  7350 | D:1      | XOM: divination: detect items
  7738 | D:1      | XOM: scenery: summon butterflies
  7739 | D:1      | XOM: polymorph butterfly -> gnoll
  7896 | D:1      | XOM: divination: detect items
  8499 | D:1      | XOM: god gift: +2 quarterstaff of chaos
  8690 | D:1      | XOM: scenery: create altars
  8696 | D:1      | XOM: cloud trail
  8752 | D:1      | XOM: god gift: 8 stones
  9459 | D:2      | Reached skill level 1 in Stealth
  9524 | D:2      | Noticed Sigmund
  9527 | D:2      | XOM: butterfly on damage
  9536 | D:2      | Killed Sigmund
  9537 | D:2      | Reached skill level 4 in Stealth
  9537 | D:2      | Reached skill level 1 in Evocations
  9537 | D:2      | Reached XP level 4. HP: 10/36 MP: 4/4
  9537 | D:2      | Reached XP level 5. HP: 11/40 MP: 5/5
  9657 | D:2      | XOM: god gift: sack of spiders
  9677 | D:2      | XOM: 3-stop teleportation journey
  9803 | D:2      | XOM: give mutations
  9803 | D:2      | Gained mutation: You have a pair of small antennae on your
                  | head. [Xom's mischief]
  9803 | D:2      | Lost mutation: You are weak. (Str -2) [Xom's mischief]
  9803 | D:2      | Gained mutation: A frigid envelope surrounds you and
                  | freezes all who hurt you. [Xom's mischief]
  9803 | D:2      | Lost mutation: You have a pair of small antennae on your
                  | head. [Xom's mischief]
 10064 | D:3      | Reached XP level 6. HP: 43/47 MP: 6/6
 10128 | D:3      | XOM: 2-stop teleportation journey
 10323 | D:3      | Noticed Jessica
 10327 | D:3      | Killed Jessica
 10328 | D:3      | Reached skill level 5 in Stealth
 10395 | D:3      | Noticed Ijyb
 10408 | D:3      | Killed Ijyb
 10463 | D:3      | XOM: noise
 10542 | D:3      | XOM: torment (25/47 hp)
 11042 | D:4      | Noticed a sky beast
 11043 | D:4      | XOM: summons friendly iron imp
 11056 | D:4      | Killed a sky beast
 11057 | D:4      | Reached skill level 6 in Stealth
 11057 | D:4      | Reached XP level 7. HP: 32/52 MP: 7/7
 11277 | D:4      | Reached skill level 1 in Shapeshifting
 11554 | D:4      | XOM: draining
 11806 | D:4      | Found a runed translucent door.
 11807 | D:4      | Noticed Crazy Yiuf
 11851 | D:4      | Killed Crazy Yiuf
 11853 | D:4      | XOM: noise
 11901 | D:5      | Entered Level 5 of the Dungeon
 12039 | D:5      | Noticed Duvessa
 12042 | D:5      | Noticed Dowan
 12052 | D:5      | XOM: swap monsters
 12053 | D:5      | XOM: blink monster(s)
 12054 | D:5      | XOM: summons 7 friendly demons
 12068 | D:5      | Killed Duvessa
 12069 | D:5      | Reached skill level 7 in Stealth
 12072 | D:5      | Killed Dowan
 12073 | D:5      | Reached XP level 8. HP: 29/59 MP: 8/8
 12170 | D:5      | Reached skill level 5 in Short Blades
 12170 | D:5      | Reached skill level 1 in Shields
 12198 | D:5      | XOM: scenery: 2 doors close
 12214 | D:5      | Noticed Blork the orc
 12222 | D:5      | Killed Blork the orc
 12336 | D:5      | Noticed Eustachio
 12342 | D:5      | Killed Eustachio
 12345 | D:5      | XOM: cloud trail
 12531 | D:5      | Identified the staff "Ohoel" {rPois Str+5 Poison}
 12620 | D:5      | Noticed Grinder
 12631 | D:5      | Killed Grinder
 12632 | D:5      | Reached skill level 8 in Stealth
 12836 | D:5      | XOM: god gift: scroll labelled SAPSED DEMMAMOUBU {god gift}
 12884 | D:6      | XOM: smoke on damage
 12900 | D:6      | Found a staircase to the Ecumenical Temple.
 12990 | D:6      | Reached XP level 9. HP: 60/64 MP: 9/9
 13065 | D:6      | XOM: give mutations
 13065 | D:6      | Gained mutation: You are very robust. (+20% HP) [Xom's
                  | grace]
 13065 | D:6      | Gained mutation: You are highly strong-willed. (Will++)
                  | [Xom's grace]
 13065 | D:6      | Gained mutation: Your mind is acute. (Int +4, Str/Dex -1)
                  | [Xom's grace]
 13131 | D:6      | XOM: smoke on damage
 13158 | D:6      | Identified the +4 rapier of Botaef {speed, Drain rElec
                  | Dex+3}
 13252 | D:6      | XOM: god gift: scroll labelled ICIDIR PYMMI {god gift}
 13321 | D:6      | Found a basalt altar of Yredelemnul.
 13465 | D:6      | XOM: confuse monster(s)
 13539 | D:6      | XOM is BORED!
 13539 | D:6      | XOM: give mutations
 13539 | D:6      | Lost mutation: Your spells are a little easier to cast, but
                  | a little less powerful. [Xom's mischief]
 13539 | D:6      | Lost mutation: A frigid envelope surrounds you and freezes
                  | all who hurt you. [Xom's mischief]
 13539 | D:6      | Gained mutation: Your magical capacity is low. (-10% MP)
                  | [Xom's mischief]
 13539 | D:6      | Lost mutation: One of your tentacles bears a spike. [Xom's
                  | mischief]
 13670 | D:7      | XOM: stat loss: -1 Dex (20/21)
 13840 | D:7      | Reached skill level 9 in Stealth
 13840 | D:7      | Reached skill level 5 in Evocations
 13843 | D:7      | XOM: snakes to sticks
 13845 | D:7      | Reached skill level 5 in Fighting
 13846 | D:7      | XOM: divination: detect items
 14093 | D:8      | Noticed Erica
 14154 | D:7      | XOM: butterfly on damage
 14261 | D:8      | XOM: noise
 14275 | D:8      | HP: 2/73 [gnoll sergeant/+0 trident (18)]
 14283 | D:8      | Noticed Jeremiah
 14354 | D:8      | Killed Jeremiah
 14355 | D:8      | Reached skill level 5 in Dodging
 14456 | D:8      | XOM: confuse monster(s)
 14460 | D:8      | Reached XP level 10. HP: 67/79 MP: 9/9
 14590 | D:8      | XOM: 7-stop teleportation journey
 14616 | D:8      | XOM: cloud trail
 14792 | D:8      | Noticed Prince Ribbit
 14796 | D:8      | Killed Prince Ribbit
 14962 | D:9      | Noticed a boulder beetle
 14982 | D:9      | Found a runed translucent door.
 15065 | D:9      | Found a staircase to the Lair.
 15204 | D:9      | XOM: silly message
 15220 | D:9      | XOM: silly message
 15236 | D:9      | XOM: divination: magic mapping
 15270 | D:9      | XOM: 2-stop teleportation journey
 15397 | D:9      | XOM: enchant monster (good)
 15404 | D:9      | Noticed Maggie
 15421 | D:9      | XOM: enchant monster (bad)
 15474 | D:9      | XOM: cast spell 'Summon Ice Beast'
 15479 | D:9      | Killed Maggie
 15480 | D:9      | Reached skill level 10 in Stealth
 15609 | D:9      | XOM: 2-stop teleportation journey
 15688 | D:9      | Found a stormy altar of Qazlal.
 15964 | D:9      | XOM: cloud trail
 16013 | D:9      | XOM: noise
 16036 | D:10     | Entered Level 10 of the Dungeon
 16103 | D:10     | Noticed a gargoyle
 16106 | D:10     | Killed a gargoyle
 16107 | D:10     | Reached skill level 5 in Shapeshifting
 16119 | D:10     | Found an iron altar of Okawaru.
 16355 | D:10     | Identified the +7 falchion of Sin {heavy, Contam rN+ MP+9}
 16504 | D:10     | XOM: summons friendly ufetubus
 16553 | D:10     | XOM: noise
 16744 | D:10     | Found a shimmering blue altar of Sif Muna.
 16746 | D:10     | Found a hide-covered altar of Uskayaw.
 16750 | D:10     | Found an ancient bone altar of Kikubaaqudgha.
 16751 | D:10     | Found a blossoming altar of Fedhas.
 16886 | Lair:1   | Entered Level 1 of the Lair of Beasts
 16965 | Lair:1   | Noticed a skyshark
 16975 | Lair:1   | Killed a skyshark
 16976 | Lair:1   | Reached XP level 11. HP: 86/86 MP: 9/9
 17047 | Lair:1   | You fall into a shaft and drop 1 floor!
 17085 | Lair:2   | XOM: potion effect (brilliance)
 17107 | Lair:2   | XOM: stat loss: -1 Str (10/11)
 17109 | Lair:2   | XOM: cleaving
 17248 | Lair:1   | Found a runed translucent door.
 17291 | Lair:1   | Reached skill level 11 in Stealth
 17337 | Lair:1   | XOM: polymorph black mamba -> something unseen
 17437 | Lair:1   | Noticed arvidsem's ghost (journeyman VSBr)
 17470 | Lair:1   | Reached skill level 5 in Shields
 17476 | Lair:1   | XOM: polymorph blink frog -> hog
 17800 | Lair:1   | Identified a scroll of acquirement
 17800 | Lair:1   | Acquired a manual of Stealth
 18074 | Lair:1   | Killed arvidsem's ghost
 18249 | Lair:1   | XOM: confuse monster(s)
 18281 | Lair:1   | XOM: potion effect (brilliance)
 18326 | Lair:2   | XOM: summons 4 friendly demons
 18330 | Lair:2   | XOM: cast spell 'Monstrous Menagerie'
 18334 | Lair:2   | Reached XP level 12. HP: 84/97 MP: 10/10
 18463 | Lair:2   | Got a faded book
 18470 | Lair:2   | Noticed a catoblepas
 18475 | Lair:2   | XOM: scenery: summon butterflies
 18484 | Lair:2   | XOM: fog
 18522 | Lair:1   | XOM: smoke on damage
 18526 | Lair:1   | XOM: smoke on damage
 18543 | Lair:1   | XOM: polymorph yak -> black mamba
 18605 | Lair:1   | XOM: divination: magic mapping
 18758 | Lair:1   | XOM: noise
 18870 | Lair:2   | XOM: potion effect (haste)
 18871 | Lair:2   | XOM: silly message
 18874 | Lair:2   | Noticed an eight-headed hydra
 18882 | Lair:2   | Noticed a death yak
 18989 | D:11     | XOM: noise
 19069 | D:10     | XOM: noise
 19091 | D:11     | XOM: polymorph something unseen -> tengu
 19142 | D:11     | Found a gate leading to a gauntlet.
 19153 | Gauntlet | Entered a Gauntlet
 19153 | Gauntlet | Found a transporter.
 19154 | Gauntlet | Found a runed translucent door.
 19156 | Gauntlet | Found a transporter.
 19158 | Gauntlet | Found a runed translucent door.
 19165 | Gauntlet | Noticed a great orb of eyes
 19168 | Gauntlet | Found a transporter.
 19172 | Gauntlet | Found a transporter.
 19182 | Gauntlet | Noticed a reaper
 19187 | Gauntlet | Found a transporter.
 19202 | Gauntlet | Found a transporter.
 19202 | Gauntlet | Noticed a wretched star
 19218 | Gauntlet | Found a transporter.
 19218 | Gauntlet | Noticed a death scarab
 19222 | Gauntlet | Noticed a death scarab
 19232 | Gauntlet | Found a transporter.
 19236 | Gauntlet | Found a transporter.
 19244 | Gauntlet | Found a transporter.
 19264 | Gauntlet | Found a transporter.
 19268 | Gauntlet | Found a transporter.
 19419 | Gauntlet | Identified the ring "Vicut" {rCorr Int+2}
 19431 | Gauntlet | Reached skill level 12 in Stealth
 19433 | Gauntlet | Engulfed by a cloud of flame

Illustrated notes

Levels and vault maps discovered:
D:1:      amcnicky_arrival_blooded_trapdoor, layout_basic
D:2:      layout_basic, uniq_sigmund
D:3:      layout_loops_ring, uniq_ijyb, uniq_jessica
D:4:      minmay_inner_zag, layout_layer_cave, minmay_three_crescents,
          uniq_crazy_yiuf_cottage
D:5:      layout_gridville, uniq_grinder, uniq_eustachio, uniq_duvessa,
          uniq_blork_the_orc
D:6:      layout_loops_ring, mainiacjoe_overflow_six_doors_small,
          minmay_temple_entry_wispy
D:7:      layout_basic, serial_park_tiny_pond
D:8:      layout_loops_ring, uniq_prince_ribbit1, uniq_jeremiah, uniq_erica
D:9:      layout_cave_pods, grunt_qazlal_sundering, lair_entry_dummy,
          minmay_st_funbox, hive_lemuel, uniq_maggie
D:10:     layout_stronghold, mainiacjoe_overflow_surrounded_room, minitemple
D:11:     layout_cave_pods, gauntlet_entry_generic
Lair:1:   layout_misc_corridors, ebering_ghost_inner_flame,
          pdpol_lair_neglected_garden
Lair:2:   wander_river, layout_long_grid, minmay_snake_entry_guardpost_small,
          portal_ice_cave_demonic_guard
Gauntlet: minmay_gauntlet_mixed_oops_all_seconds
          [minmay_gauntlet_arena_77_shame_cube, gammafunk_gauntlet_arena_hedges,
          minmay_gauntlet_arena_77_broken_ladder,
          gammafunk_gauntlet_arena_chambers, minmay_gauntlet_arena_77_fan,
          gammafunk_gauntlet_arena_spirals, dreamdust_gauntlet_exit_labyrinth]

Skill      XL: |  1  2  3  4  5  6  7  8  9 10 11 12 |
---------------+-------------------------------------+-----
Stealth        | 4 6 7 8 9 10 11 12 | 12.0
Dodging        | 3 4 5 6 7 |  7.2
Evocations     | 1 2 3 4 5 6 8 |  8.7
Short Blades   | 4 5 6 8 9 |  9.4
Fighting       | 4 5 6 7 |  7.3
Shapeshifting  | 1 3 4 5 6 |  6.9
Shields        | 2 3 4 5 6 |  6.5
Unarmed Combat | |  0.1

Action                     |  1- 3 |  4- 6 |  7- 9 | 10-12 || total
---------------------------+-------+-------+-------+-------++-------
  Melee: Short sword       |    64 |    63 |    82 |       ||   209
         Constrict         |    16 |    11 |    38 |    59 ||   124
         Tentacles         |     9 |    13 |    45 |   132 ||   199
         Kick              |     8 |    14 |    27 |       ||    49
         Punch             |       |     4 |     2 |     7 ||    13
         Unarmed           |       |       |     6 |       ||     6
         Rapier            |       |       |    99 |   437 ||   536
  Evoke: Wand              |       |       |     4 |     7 ||    11
         Sack of spiders   |       |       |       |     1 ||     1
    Use: Scroll            |     3 |     1 |     8 |    11 ||    23
         Potion            |       |       |     1 |     5 ||     6
   Stab: Sleeping          |     8 |    11 |    16 |    19 ||    54
         Distracted        |       |       |     1 |     1 ||     2
         Confused          |       |       |     2 |     2 ||     4
         Petrified         |       |       |       |     1 ||     1
 Armour: Skin              |    24 |    13 |    76 |   198 ||   311
  Dodge: Dodged            |    26 |    20 |    70 |   154 ||   270
  Block: Kite shield       |       |     3 |    89 |   303 ||   395
         Reflection        |       |       |       |     5 ||     5

Table legend: (Time is in decaauts)
 A = Elapsed time spent in this place.
 B = Non-inter-level travel time spent in this place.
 C = Inter-level travel time spent in this place.
 D = Time resting spent in this place.
 E = Time spent auto-exploring this place.
 F = Levels seen in this place.
 G = Mean time per level.
                   A        B        C        D        E       F      G
               +--------+--------+--------+--------+--------+-----+--------+
         Total |  19244 |  18731 |    513 |   9216 |   7327 |  14 | 1374.6 |
       Dungeon |  17052 |  16572 |    480 |   8487 |   6579 |  11 | 1550.2 |
          Lair |   1932 |   1899 |     33 |    729 |    599 |   2 |  966.0 |
      Gauntlet |    259 |    259 |      0 |      0 |    149 |   1 |  259.0 |
               +--------+--------+--------+--------+--------+-----+--------+

Top non-repeatable levels by time:
     D:1: 9189 daAuts
  Lair:1: 1635 daAuts
     D:4: 1178 daAuts
     D:9: 1140 daAuts
     D:5: 994 daAuts
    D:10: 910 daAuts
     D:2: 838 daAuts
     D:8: 778 daAuts
     D:6: 724 daAuts
     D:3: 677 daAuts
     D:7: 533 daAuts
  Lair:2: 296 daAuts
Gauntlet: 259 daAuts
    D:11: 87 daAuts
